 Dungeon Crawl Stone Soup version 0.31-a0-986-g5e6e4ef867 (webtiles) character file.

Game seed: 17399758995937750402

57 gelatine the Grave Robber (level 3, -9/27 HPs)
             Began as a Demonspawn Wanderer on Nov 3, 2023.
             Mangled by Terence
             ... wielding a +0 morningstar
              (12 damage)
             ... on level 2 of the Dungeon.
             The game lasted 00:03:03 (1281 turns).

gelatine the Grave Robber (Demonspawn Wanderer)     Turns: 1281, Time: 00:03:04

Health: -9/27      AC:  6    Str: 15    XL:     3   Next: 73%
Magic:  0/4        EV: 10    Int: 15    God:
Gold:   155        SH:  0    Dex: 11    Spells: 4/4 levels left

rFire   . . .        e - +2 mace (heavy)
rCold   . . .        (no shield)
rNeg    . . .        b - +0 ring mail
rPois   .            (no helmet)
rElec   .            (no cloak)
rCorr   .            n - +0 pair of gloves
SInv    .            (no boots)
Will    .....        l - amulet of guardian spirit
Stlth   ++           (no ring)
HPRegen 0.24/turn    (no ring)
MPRegen 0.09/turn

%: guardian spirit
@: no status effects
A: thin skeletal structure 1, spiny 1
a: no special abilities


You were on level 2 of the Dungeon.
You visited 1 branch of the dungeon, and saw 2 of its levels.

You collected 155 gold pieces.

Inventory:

Hand Weapons
 a - a +0 club
 e - a +2 heavy mace (weapon)
Missiles
 f - 18 stones (quivered)
Armour
 b - a +0 ring mail (worn)
 n - a +0 pair of gloves (worn)
Jewellery
 l - an amulet of guardian spirit (around neck)
Scrolls
 d - 2 scrolls of teleportation
 i - 2 scrolls of identify {unknown}
 k - a scroll of fog {unknown}
Potions
 c - a potion of lignification
 g - a potion of curing {unknown}
 h - a potion of enlightenment {unknown}
 j - 2 potions of degeneration {unknown}
 m - a potion of haste {unknown}
 o - a potion of might {unknown}


   Skills:
 * Level 2.2 Fighting
 + Level 0.9 Maces & Flails
 * Level 0.1 Throwing
 * Level 1.4 Armour
 * Level 1.1 Dodging
 * Level 0.4 Stealth
 * Level 1.0 Spellcasting
 + Level 5.9 Necromancy
 * Level 1.2 Evocations


You had 4 spell levels left.
You didn't know any spells.
Your spell library contained the following spells:

 Spells                   Type           Power      Damage    Failure   Level
 Necrotise                Necr           72%        1d7       4%          1
 Kiss of Death            Conj/Necr      36%        2d8       14%         1
 Anguish                  Hex/Necr       4%         N/A       80%         4
 Olgreb's Toxic Radiance  Pois           0%         N/A       99%         4
 Discord                  Hex            0%         N/A       100%        8
 Ignition                 Fire           0%         3d3       100%        8


Dungeon Overview and Level Annotations

Branches:
Dungeon (2/15)

Altars:

Shops:
D:2 [

Annotations:
D:2 Terence


Innate Abilities, Weirdness & Mutations

You have a somewhat thin skeletal structure. (Dex +2, Stealth+)
You are partially covered in sharp spines.


Message History

There is an entrance to Hidimp's Armour Shoppe here.
No target in view!
You can access your shopping list by pressing '$'.
Terence the Incautious comes into view.
He is wielding a +0 morningstar and carrying a wand of flame.
Terence zaps a wand.
The puff of flame hits you.
You throw a stone.
The stone hits Terence but does no damage.
Terence zaps a wand.
The puff of flame hits you but does no damage.
You throw a stone. The stone barely misses Terence.
You throw a stone. The stone closely misses Terence.
You throw a stone. The stone closely misses Terence.
You throw a stone.
The stone hits Terence but does no damage.
You hit Terence.
Terence is lightly wounded.
Terence barely misses you. Terence closely misses you.
You hit Terence but do no damage.
Terence is lightly wounded.
Terence hits you but does no damage.
Terence shouts, "ATTACK!!!"
Terence barely misses you.
You hit Terence but do no damage.
Terence is lightly wounded.
Terence closely misses you. Terence hits you but does no damage.
You completely miss Terence.
Terence is lightly wounded.
Terence hits you with a +0 morningstar. x2
You hit Terence but do no damage.
Terence is lightly wounded.
Terence hits you with a +0 morningstar! Terence says, "Did you write a will?
You should..."
Terence is struck by your spines. Terence hits you with a +0 morningstar.
* * * LOW HITPOINT WARNING * * *
You closely miss Terence.
Terence is moderately wounded.
Terence hits you with a +0 morningstar.
* * * LOW HITPOINT WARNING * * *
Terence hits you with a +0 morningstar!
You die...

###########..#
#.#...........รท
#..###.#............
##..##.#............
##..#.#............
#....#........#..# .
##...............# ...
#.............#..
.....####..##.##.###.##.
#..@@................
######..##...........
#..#.........#..
##....#..........
#.<..##........#.
.>......##....##.
.##...##......##.
#.#.......#.### #
###.....#.###


You could see Terence.

Vanquished Creatures
  An adder (D:2)
  2 dart slugs
  4 ball pythons (D:1)
  3 endoplasms (D:1)
  2 giant cockroaches (D:1)
  2 goblins (D:1)
  3 hobgoblins (D:1)
  9 jackals
  2 quokkas
  2 bats
  3 frilled lizards
  4 kobolds
  3 rats
40 creatures vanquished.

Notes
Turn   | Place    | Note
-------+----------+-------------------------------------------
     0 | D:1      | gelatine the Demonspawn Wanderer began the quest for the
                  | Orb.
     0 | D:1      | gelatine set off with the following items: a +0 club, a +0
                  | ring mail, a potion of lignification, a scroll of
                  | teleportation; and the following spells available to
                  | memorise: Necrotise, Kiss of Death, Anguish.
     0 | D:1      | Reached XP level 1. HP: 16/16 MP: 2/2
   139 | D:1      | Gained mutation: You have a somewhat thin skeletal
                  | structure. (Dex +2, Stealth+) [demonic ancestry]
   139 | D:1      | Reached XP level 2. HP: 22/22 MP: 3/3
   443 | D:1      | Gained mutation: You are partially covered in sharp spines.
                  | [demonic ancestry]
   443 | D:1      | Reached XP level 3. HP: 27/27 MP: 4/4
   713 | D:1      | Reached skill level 1 in Dodging
  1243 | D:2      | Found Hidimp's Armour Shoppe.
  1270 | D:2      | Noticed Terence
  1281 | D:2      | Mangled by Terence

Illustrated notes

Levels and vault maps discovered:
D:1:      lemuel_arrival_rhombus, layout_loops_ring, grunt_decor_mini_mirrors,
          minmay_unequal
D:2:      layout_rooms, serial_shops, shop, kennysheep_generic_room_10,
          uniq_terence

Skill      XL: |  1  2  3 |
---------------+----------+-----
Dodging        | 1 |  1.1
Fighting       | |  2.2
Maces & Flails | |  0.9
Throwing       | |  0.1
Armour         | |  1.4
Stealth        | |  0.4
Spellcasting   | |  1.0
Necromancy     | |  5.9
Evocations     | |  1.2

Action                     || total
---------------------------++-------
  Melee: Mace              ||    72
         Punch             ||     2
  Throw: Stone             ||    12
   Stab: Sleeping          ||     3
 Armour: Ring mail         ||    83
  Dodge: Dodged            ||    71

Table legend: (Time is in decaauts)
 A = Elapsed time spent in this place.
 B = Non-inter-level travel time spent in this place.
 C = Inter-level travel time spent in this place.
 D = Time resting spent in this place.
 E = Time spent auto-exploring this place.
 F = Levels seen in this place.
 G = Mean time per level.
                   A        B        C        D        E       F      G
               +--------+--------+--------+--------+--------+-----+--------+
         Total |   1357 |   1309 |     48 |      0 |    973 |   2 |  678.5 |
       Dungeon |   1357 |   1309 |     48 |      0 |    973 |   2 |  678.5 |
               +--------+--------+--------+--------+--------+-----+--------+

Top non-repeatable levels by time:
     D:1: 1007 daAuts
     D:2: 349 daAuts
